 Dungeon Crawl Stone Soup version 0.19.5 (webtiles) character file.

50408 Monsterracer the Destroyer (level 14, -6/82 HPs)
             Began as a Deep Elf Conjurer on May 6, 2017.
             Was a High Priest of Vehumet.
             Mangled by a sun demon (8 damage)
             ... on level 6 of the Lair of Beasts.
             The game lasted 01:55:56 (20700 turns).

Monsterracer the Destroyer (Deep Elf Conjurer)     Turns: 20700, Time: 01:55:57

Health: -6/82      AC: 12    Str:  8    XL:     14   Next: 19%
Magic:  15/36      EV: 19    Int: 30    God:    Vehumet [*****.]
Gold:   752        SH:  6    Dex: 19    Spells: 12 memorised, 0 levels left

rFire  + . .     SeeInvis .     J - staff of energy
rCold  + + .     Gourm    .     U - +3 leather armour of Agoraphobia {rPois rC+}
rNeg   . . .     Faith    .     D - +0 buckler {rC+ rF+}
rPois  +         Spirit   .     T - +0 Maxwell's etheric cage {RegenMP+ *Contam rElec MP+4}
rElec  +         Reflect  .     m - +0 cloak
rCorr  .         Harm     .     r - +2 pair of gloves
MR     +....                    F - +0 pair of boots
Stlth  ++++......               e - amulet of regeneration
                                i - ring of poison resistance
                                Q - ring "Ketsumaph" {Str+3 Int+4 Dex+4}

@: no status effects
A: no striking features
a: Renounce Religion


You were on level 6 of the Lair of Beasts.
You worshipped Vehumet.
Vehumet was extremely pleased with you.
You were not hungry.

You visited 2 branches of the dungeon, and saw 16 of its levels.
You also visited: Labyrinth and Ossuary.

You collected 1154 gold pieces.
You spent 402 gold pieces at shops.

Inventory:

Armour
 m - a +0 cloak (worn)
 r - a +2 pair of gloves (worn)
 t - the +1 robe "Yhor" {MR- MP+9 Str+4}
   (You found it on level 5 of the Dungeon)

   It affects your strength (+4).
   It affects your resistance to hostile enchantments.
   It affects your magic capacity (+9).
 D - a +0 buckler of resistance (worn)
 F - a +0 pair of boots (worn)
 T - the +0 Maxwell's etheric cage (worn) {RegenMP+ *Contam rElec MP+4}
   (You found it in a labyrinth)

   It insulates you from electricity.
   It affects your magic capacity (+4).
   It causes magical contamination when unequipped.
 U - the +3 leather armour of Agoraphobia (worn) {rPois rC+}
   (You found it in a labyrinth)

   It protects you from cold.
   It protects you from poison.
Magical Staves
 d - an uncursed staff of wizardry
 J - an uncursed staff of energy (weapon)
Jewellery
 e - an amulet of regeneration (around neck)
 i - a ring of poison resistance (right hand)
 q - the ring of the Equinox {*Tele +Blink rElec}
   (You found it on level 5 of the Dungeon)

   [ring of teleportation]

   It may teleport you next to monsters.
   It insulates you from electricity.
   It lets you blink.
 Q - the ring "Ketsumaph" (left hand) {Str+3 Int+4 Dex+4}
   (You found it in a labyrinth)

   [ring of dexterity]

   It affects your strength (+3).
   It affects your intelligence (+4).
   It affects your dexterity (+4).
 S - an uncursed ring of see invisible
Scrolls
 g - 3 scrolls of fog
 h - 12 scrolls of identify
 k - 9 scrolls of remove curse
 n - 3 scrolls of teleportation
 u - 3 scrolls of recharging
 w - 3 scrolls of fear
 y - 3 scrolls of immolation
 z - a scroll of amnesia
 K - 2 scrolls of magic mapping
Potions
 b - a potion of mutation
 j - 2 potions of agility
 o - 6 potions of curing
 p - a potion of cancellation
 B - 4 potions of berserk rage
 C - 3 potions of haste
 E - 5 potions of heal wounds
 H - a potion of might
 L - a potion of ambrosia
Books
 l - the Papyrus of Ghastly Conjuration
   (You found it on level 3 of the Lair of Beasts)

   Spells                             Type                      Level
   a - Pain                           Necromancy                   1
   b - Searing Ray                    Conjuration                  2
   c - Throw Frost                    Conjuration/Ice              2
   d - Fulminant Prism                Conjuration/Hexes            4
   e - Animate Dead                   Necromancy                   4
   f - Delayed Fireball               Conjuration/Fire             7
 R - a book of Power

   Spells                             Type                      Level
   a - Fulminant Prism                Conjuration/Hexes            4
   b - Iskenderun's Mystic Blast      Conjuration                  4
   c - Venom Bolt                     Conjuration/Poison           5
   d - Bolt of Magma                  Conjuration/Fire/Earth       5
   e - Iron Shot                      Conjuration/Earth            6
   f - Orb of Destruction             Conjuration                  7
   g - Spellforged Servitor           Conjuration/Summoning        7
Comestibles
 c - 13 bread rations
 f - 8 meat rations
 s - a royal jelly
 A - 6 beef jerkies
 G - 4 fruits
 N - a slice of pizza


   Skills:
 + Level 7.4 Fighting
 - Level 2.0 Staves
 + Level 9.9 Dodging
 + Level 8.2 Stealth
 - Level 4.0 Shields
 + Level 12.4 Spellcasting
 * Level 13.9 Conjurations
 + Level 9.1 Hexes
 - Level 10.0 Charms
 + Level 7.7 Fire Magic
 + Level 6.6 Earth Magic


You couldn't memorise any spells.
You knew the following spells:

 Your Spells              Type           Power        Failure   Level  Hunger
a - Magic Dart            Conj           ####         0%          1    None
b - Searing Ray           Conj           ######       1%          2    None
c - Fulminant Prism       Conj/Hex       ######....   1%          4    None
d - Iskenderun's Battles  Conj/Chrm      ######..     1%          5    None
e - Corona                Hex            ######.      1%          1    None
f - Bolt of Magma         Conj/Fire/Erth ######....   1%          5    None
g - Iron Shot             Conj/Erth      ######....   3%          6    None
h - Lee's Rapid Deconstr  Erth           ######....   2%          5    None
i - Summon Butterflies    Summ           ###.....     4%          1    None
j - Flame Tongue          Conj/Fire      #####        1%          1    None
k - Tukima's Dance        Hex            ######..     1%          3    None
l - Confuse               Hex            ######..     1%          3    None


Dungeon Overview and Level Annotations

Branches:
Dungeon (10/15)            Temple (0/1) D:6            Lair (6/6) D:10
 Shoals (0/4) Lair:3       Spider (0/4) Lair:4        Slime (0/5) Lair:5
    Orc (0/2) D:9

Altars:
Cheibriados
Elyvilon
Hepliaklqana
Makhleb
Nemelex Xobeh
Okawaru
Qazlal
Ru
Sif Muna
Trog
Vehumet
Yredelemnul
Zin
The Shining One

Shops:
D:7 (


Message History

Confirm with . or Enter, or press ? or * to list all spells.
Okay, then.
Casting: Iskenderun's Battlesphere
Confirm with . or Enter, or press ? or * to list all spells.
Aiming: Iron Shot
Press: ? - help, Shift-Dir - straight line, f/p - sun demon
Aim: a sun demon The iron shot hits the sun demon.
The sun demon is severely wounded.
Your battlesphere fires!
The barrage of energy hits the sun demon.
The sun demon is severely wounded.
The sun demon hits you!!
* * * LOW HITPOINT WARNING * * *
You are engulfed in flames.
You resist.
* * * LOW HITPOINT WARNING * * *
The sun demon completely misses you. The sun demon hits you!
* * * LOW HITPOINT WARNING * * *
You are engulfed in flames!
You resist.
You die...

♣♣♣♣♣♣ ♣♣♣ ♣♣.♣♣ ♣♣.♣♣
♣.♣♣ ♣♣...♣ ♣.♣♣ ♣
♣♣....♣ ♣♣..♣♣ ♣♣♣
..♣♣..♣♣♣ ♣♣....♣♣♣♣♣♣..
♣♣♣♣♣...♣♣
♣♣♣...♣.......♣♣ ♣
♣♣...♣♣♣♣
♣♣♣♣..♣.♣♣♣♣...♣♣♣
♣♣♣....♣♣♣3..♣♣♣..♣♣♣♣♣♣♣
♣♣♣......@♣♣ ♣♣."♣♣ ###
♣♣♣.♣♣*♣♣ ♣♣..♣♣
..#########'♣♣♣♣♣ ♣♣♣..♣♣
..#........#♣ ♣♣..♣..♣
.3)4..8.8..# ♣(.♣♣..♣♣
###..8.8...# ♣♣.♣♣♣♣..♣♣
..#...8.8..# ♣♣..♣
♣♣..♣♣♣ ..#..8.8...#
♣...♣♣ ♣♣♣..♣♣
*.'...8.8..# ♣....♣ ♣♣♣..


You could see a sun demon and a friendly battlesphere.

Vanquished Creatures
  Kirke (Lair:5)
  The ghost of Zebulonius the Severer, a journeyman MiBe of Trog (Lair:3)
  Snorg (D:10)
  A minotaur (Lab)
  6 hydras
  2 catoblepae (Lair:6)
  Erica (D:9)
  A sixfirhy (Lair:6)
  Pikel (D:8)
  2 hill giants (D:10)
  A necromancer (Lair:2)
  10 elephants
  2 black mambas (Lair:6)
  2 orange demons (Lair:6)
  A torpor snail (Lair:6)
  A gargoyle (D:10)
  10 spiny frogs
  2 rime drakes
  10 komodo dragons
  2 ice devils (Lair:6)
  3 polar bears (Lair:6)
  3 red devils (Lair:6)
  28 blink frogs
  3 dream sheep
  2 slime creatures (Lair:5)
  9 hippogriffs
  A spriggan (D:7)
  2 wyverns
  A steam dragon (D:7)
  27 yaks
  4 basilisks
  5 hogs (Lair:5)
  A human (Lair:5)
  2 insubstantial wisps (D:7)
  A mottled dragon (D:10)
  Grum (D:8)
  A hell hound (Lair:6)
  9 water moccasins
  17 porcupines
  A phantom (D:5)
  4 slaves (D:8)
  An ice beast (D:10)
  A black bear (D:6)
  6 ogres
  12 centaurs
  5 sky beasts
  11 wolves
  16 crocodiles
  An elf zombie (Ossuary)
  13 bullfrogs
  An earth elemental (Lab)
  A wyvern skeleton (D:10)
  4 scorpions
  3 killer bees (D:9)
  3 wights (D:9)
  A spriggan skeleton (Lab)
  An electric eel (Lair:4)
  7 howler monkeys
  A crimson imp (D:8)
  3 hounds
  A quasit (D:9)
  5 centaur zombies
  2 human zombies (Ossuary)
  6 jellies
  8 orc wizards
  2 orc priests
  3 centaur skeletons
  Crazy Yiuf (D:5)
  2 bullfrog skeletons (D:7)
  5 iguanas
  7 worker ants
  2 hell rats (Lair:4)
  3 polar bear simulacra (Lair:2)
  A yak simulacrum (Lair:2)
  2 killer bee zombies
  4 wolf simulacra (Lair:2)
  A big kobold zombie (Ossuary)
  2 hound zombies
  2 mummies (Ossuary)
  A worker ant zombie (D:5)
  10 adders
  7 river rats (Lair:4)
  2 shadow imps
  An ooze (D:5)
  4 adder zombies
  An adder skeleton (D:4)
  A worm (D:3)
  3 dart slugs
  7 leopard geckos
  38 orcs
  5 giant cockroaches
  12 goblins
  8 hobgoblins
  9 jackals
  5 quokkas
  2 ball pythons
  11 bats
  4 frilled lizards
  A goblin zombie (Ossuary)
  7 hobgoblin zombies (Ossuary)
  4 jackal zombies
  9 kobolds
  7 kobold zombies (Ossuary)
  A leopard gecko skeleton (D:6)
  10 orc zombies (Ossuary)
  A quokka zombie (D:5)
  10 rats
  A rat zombie (Ossuary)
  3 river rat simulacra (Lair:2)
  3 fungi (Lair:5)
  A plant (Lair:5)
522 creatures vanquished.

Vanquished Creatures (others)
  The ghost of greprep the Thaumaturge, a novice DECj of Vehumet (D:7)
  A bat (D:2)
  A goblin (D:2)
  36 fulminant prisms
  19 fungi
  8 plants (Lair:6)
66 creatures vanquished.

Grand Total: 588 creatures vanquished

Notes
Turn   | Place    | Note
-------+----------+-------------------------------------------
     0 | D:1      | Monsterracer the Deep Elf Conjurer began the quest for the Orb.
     0 | D:1      | Reached XP level 1. HP: 10/10 MP: 6/6
   276 | D:1      | Reached XP level 2. HP: 15/15 MP: 6/8
   298 | D:1      | Learned a level 2 spell: Searing Ray
   422 | D:1      | Reached skill level 5 in Conjurations
   889 | D:1      | Reached XP level 3. HP: 19/19 MP: 3/9
  1441 | D:2      | Found a sacrificial altar of Ru.
  1609 | D:2      | Found a snail-covered altar of Cheibriados.
  1695 | D:2      | Reached XP level 4. HP: 24/24 MP: 7/12
  1701 | D:2      | Learned a level 4 spell: Iskenderun's Mystic Blast
  1807 | D:2      | Found a radiant altar of Vehumet.
  1880 | D:2      | Became a worshipper of Vehumet
  2029 | D:2      | Found a basalt altar of Yredelemnul.
  2415 | D:3      | Reached skill level 6 in Conjurations
  2598 | D:3      | Reached XP level 5. HP: 28/28 MP: 8/13
  2647 | D:3      | Learned a level 5 spell: Iskenderun's Battlesphere
  3032 | D:3      | Reached skill level 1 in Charms
  3128 | D:3      | Reached * piety under Vehumet
  3128 | D:3      | Offered knowledge of Shock by Vehumet.
  3650 | D:4      | Reached skill level 5 in Spellcasting
  4079 | D:4      | Found a bloodstained altar of Trog.
  4082 | D:4      | Reached XP level 6. HP: 28/32 MP: 13/15
  4329 | D:5      | Entered Level 5 of the Dungeon
  4404 | D:5      | Found a white marble altar of Elyvilon.
  4430 | D:5      | Found a stormy altar of Qazlal.
  4431 | D:5      | Got a sheer robe
  4468 | D:5      | Identified the +1 robe "Yhor" {MR- MP+9 Str+4} (You found it on level 5 of the Dungeon)
  4532 | D:5      | Reached skill level 7 in Conjurations
  4749 | D:5      | Got a translucent glass ring
  4755 | D:5      | Identified the ring of the Equinox {*Tele +Blink rElec} (You found it on level 5 of the Dungeon)
  4763 | D:5      | Reached ** piety under Vehumet
  4769 | D:5      | Learned a level 4 spell: Fulminant Prism
  4835 | D:5      | Offered knowledge of Flame Tongue by Vehumet.
  4895 | D:5      | Reached XP level 7. HP: 30/36 MP: 17/17
  4941 | D:5      | Learned a level 1 spell: Flame Tongue
  5121 | D:5      | Reached skill level 8 in Conjurations
  5121 | D:5      | Reached skill level 1 in Fire Magic
  5302 | D:5      | Reached skill level 1 in Fighting
  5398 | D:5      | Found a runed door.
  5402 | D:5      | Noticed Crazy Yiuf
  5407 | D:5      | Killed Crazy Yiuf
  5542 | D:6      | Reached skill level 5 in Charms
  5621 | D:5      | Reached XP level 8. HP: 31/43 MP: 19/19
  5796 | D:6      | Found a glowing silver altar of Zin.
  5863 | D:6      | Found a staircase to the Ecumenical Temple.
  6109 | D:6      | Found an iron altar of Okawaru.
  6113 | D:6      | Found a glowing golden altar of the Shining One.
  6117 | D:6      | Found a burning altar of Makhleb.
  6432 | D:6      | Found a hazy altar of Hepliaklqana.
  6544 | D:7      | Reached skill level 9 in Conjurations
  6681 | D:7      | Found Tinoamyt's Weapon Boutique.
  6705 | D:7      | Offered knowledge of Throw Frost by Vehumet.
  6796 | D:7      | Noticed greprep's ghost (novice DECj)
  6796 | D:7      | Reached XP level 9. HP: 49/49 MP: 22/22
  6802 | D:7      | Killed greprep's ghost
  6944 | D:7      | Found a glowing silver altar of Zin.
  7021 | D:7      | Bought a +4 quarterstaff of protection for 402 gold pieces
  7206 | D:7      | Reached *** piety under Vehumet
  7246 | D:7      | Reached skill level 5 in Dodging
  7283 | D:7      | Reached skill level 1 in Staves
  7438 | D:7      | Found a deep blue altar of Sif Muna.
  7705 | D:8      | Noticed Grum
  7708 | D:8      | Killed Grum
  7872 | D:8      | Noticed Pikel
  7895 | D:8      | Killed Pikel
  7895 | D:8      | Reached skill level 10 in Conjurations
  7895 | D:8      | Reached skill level 1 in Hexes
  8044 | D:8      | Reached XP level 10. HP: 56/56 MP: 24/24
  8076 | D:8      | Found a sand-covered staircase.
  8098 | Ossuary  | Entered an ossuary
  8109 | Ossuary  | Offered knowledge of Olgreb's Toxic Radiance by Vehumet.
  8120 | Ossuary  | Learned a level 4 spell: Olgreb's Toxic Radiance
  8511 | Ossuary  | Reached **** piety under Vehumet
  8566 | Ossuary  | Offered knowledge of Bolt of Magma by Vehumet.
  8583 | Ossuary  | Learned a level 5 spell: Bolt of Magma
  9181 | D:8      | Reached skill level 1 in Earth Magic
  9646 | D:9      | Found a staircase to the Orcish Mines.
  9855 | D:9      | Found a sparkling altar of Nemelex Xobeh.
 10016 | D:9      | Noticed Erica
 10031 | D:9      | Killed Erica
 10071 | D:9      | Learned a level 1 spell: Summon Butterflies
 10154 | D:9      | Reached ***** piety under Vehumet
 10227 | D:9      | Offered knowledge of Throw Icicle by Vehumet.
 10847 | D:10     | Entered Level 10 of the Dungeon
 10944 | D:10     | Noticed a hill giant
 10951 | D:10     | Killed a hill giant
 10951 | D:10     | Reached skill level 11 in Conjurations
 10987 | D:10     | Reached skill level 5 in Fire Magic
 11099 | D:10     | Identified a scroll of acquirement
 11122 | D:10     | Reached XP level 11. HP: 62/62 MP: 26/26
 11198 | D:10     | Noticed Snorg
 11227 | D:10     | Killed Snorg
 11324 | D:10     | Reached skill level 1 in Shields
 11691 | D:10     | Noticed a hill giant
 11697 | D:10     | Killed a hill giant
 11697 | D:10     | Reached skill level 10 in Spellcasting
 12022 | D:10     | Found a staircase to the Lair.
 12029 | D:10     | Reached skill level 5 in Fighting
 12239 | D:10     | Reached skill level 5 in Stealth
 12609 | Lair:1   | Entered Level 1 of the Lair of Beasts
 12649 | Lair:1   | Reached skill level 5 in Hexes
 13037 | Lair:1   | Noticed a four-headed hydra
 13045 | Lair:1   | Killed a four-headed hydra
 13045 | Lair:1   | Reached skill level 12 in Conjurations
 13193 | Lair:1   | Reached XP level 12. HP: 68/68 MP: 15/28
 13470 | Lair:1   | Learned a level 3 spell: Confuse
 13474 | Lair:1   | Learned a level 3 spell: Tukima's Dance
 13476 | Lair:1   | Learned a level 1 spell: Corona
 14025 | Lair:2   | Offered knowledge of Iron Shot by Vehumet.
 14025 | Lair:2   | Reached skill level 10 in Charms
 14036 | Lair:2   | Learned a level 6 spell: Iron Shot
 14651 | Lair:2   | Noticed a seven-headed hydra
 14656 | Lair:2   | Killed a seven-headed hydra
 15176 | Lair:3   | Noticed Zebulonius's ghost (journeyman MiBe)
 15691 | Lair:3   | Identified the Papyrus of Ghastly Conjuration
 16396 | Lair:3   | Killed Zebulonius's ghost
 16560 | Lair:3   | Found a staircase to the Shoals.
 16821 | Lair:4   | Found a hole to the Spider Nest.
 16894 | Lair:4   | Reached XP level 13. HP: 75/75 MP: 28/30
 16895 | Lair:4   | Reached skill level 5 in Earth Magic
 17100 | Lair:4   | Reached skill level 13 in Conjurations
 18089 | Lair:5   | Found a labyrinth entrance.
 18110 | Lair:5   | Offered knowledge of Freezing Cloud by Vehumet.
 18126 | Lab      | Entered a labyrinth
 18351 | Lab      | Noticed a minotaur
 18356 | Lab      | Killed a minotaur
 18432 | Lab      | Got a wavering pewter ring
 18439 | Lab      | Identified the ring "Ketsumaph" {Str+3 Int+4 Dex+4} (You found it in a labyrinth)
 18441 | Lab      | Got an ichor-stained leather armour
 18458 | Lair:5   | Identified the +3 leather armour of Agoraphobia {rPois rC+} (You found it in a labyrinth)
 18566 | Lair:5   | Noticed Kirke
 18576 | Lair:5   | Killed Kirke
 18611 | Lair:5   | Found a staircase to the Slime Pits.
 19375 | Lair:6   | Entered Level 6 of the Lair of Beasts
 20276 | Lair:6   | Reached XP level 14. HP: 41/82 MP: 25/32
 20401 | Lair:6   | Offered knowledge of Lee's Rapid Deconstruction by Vehumet.
 20438 | Lair:6   | Learned a level 5 spell: Lee's Rapid Deconstruction
 20635 | Lair:6   | Found a burning altar of Makhleb.
 20700 | Lair:6   | HP: 2/82 [sun demon (10)]
 20700 | Lair:6   | Mangled by a sun demon

Skill      XL: |  1  2  3  4  5  6  7  8  9 10 11 12 13 14 |
---------------+-------------------------------------------+-----
Conjurations   | 5 6 7 8 9 10 11 12 13 | 13.9
Spellcasting   | 4 5 6 7 8 9 10 11 12 | 12.4
Charms         | 2 4 5 6 8 9 10 | 10.0
Fire Magic     | 1 3 4 5 6 7 |  7.7
Fighting       | 1 2 3 4 5 6 7 |  7.4
Dodging        | 3 4 5 6 8 9 |  9.9
Staves         | 2 |  2.0
Hexes          | 2 3 5 7 8 9 |  9.1
Earth Magic    | 2 3 4 6 |  6.6
Stealth        | 3 5 6 7 8 |  8.2
Shields        | 3 4 |  4.0

Action                   |  1- 3 |  4- 6 |  7- 9 | 10-12 | 13-15 || total
-------------------------+-------+-------+-------+-------+-------++-------
Melee: Short sword       |    27 |       |       |       |       ||    27
       War axe           |       |     6 |       |       |       ||     6
       Quarterstaff      |       |       |     9 |       |       ||     9
       Mace              |       |       |     1 |       |       ||     1
       Staff             |       |       |       |     7 |     7 ||    14
 Cast: Magic Dart        |    66 |   130 |   147 |   403 |   118 ||   864
       Searing Ray       |     2 |    14 |    29 |   116 |    71 ||   232
       Iskenderun's Myst |       |     2 |     5 |       |       ||     7
       Iskenderun's Batt |       |     1 |    11 |    34 |    13 ||    59
       Fulminant Prism   |       |       |     3 |    10 |    22 ||    35
       Bolt of Magma     |       |       |       |    21 |    19 ||    40
       Summon Butterflie |       |       |       |     2 |       ||     2
       Iron Shot         |       |       |       |    10 |    13 ||    23
       Confuse           |       |       |       |     3 |     1 ||     4
       Corona            |       |       |       |     1 |       ||     1
  Use: Scroll            |     5 |     5 |     6 |    10 |     5 ||    31
       Potion            |     1 |     4 |       |     8 |       ||    13
 Stab: Sleeping          |     1 |       |       |       |       ||     1
  Eat: Chunk             |     2 |    10 |    13 |    25 |     9 ||    59
       Fruit             |       |       |       |     2 |       ||     2
       Pizza             |       |       |       |     1 |       ||     1
       Royal jelly       |       |       |       |       |     1 ||     1
Armor: Robe              |    11 |    13 |    15 |    59 |    35 ||   133
       Leather armour    |       |       |       |       |     8 ||     8
Dodge: Dodged            |    48 |    43 |    47 |   208 |   116 ||   462
Block: Buckler           |       |       |       |    53 |    53 ||   106
